 Dungeon Crawl Stone Soup version 0.17.0-24-gcfadda4 (webtiles) character file.

10278 MackTheKnife the Carver (level 11, 0/74 HPs)
             Began as a High Elf Wanderer on Nov 17, 2015.
             Was a Follower of Ashenzari.
             Slain by a blue devil (6 damage)
             ... in an ice cave.
             The game lasted 00:38:25 (18158 turns).

MackTheKnife the Carver (High Elf Wanderer)        Turns: 18158, Time: 00:38:25

Health: 0/74       AC:  8    Str: 10    XL:     11   Next: 34%
Magic:  16/24      EV: 18    Int: 21    God:    Ashenzari [*.....]
Gold:   105        SH:  0    Dex: 18    Spells: 2 memorised, 19 levels left

rFire  . . .     SeeInvis .     a - +3 falchion
rCold  + + .     Clarity  .     y - +0 leather armour
rNeg   . . .     SustAt   .     (no shield)
rPois  .         Gourm    .     G - +0 helmet
rElec  .         Spirit   .     d - +2 cloak {rC+}
rCorr  .         Warding  .     (no gloves)
rMut   .         Stasis   .     (no boots)
MR     +....                    (no amulet)
Stlth  ++........               o - +5 ring of intelligence
                                E - ring of protection from cold {rC+, !d}

@: exhausted, slowed, very slow, somewhat resistant to hostile enchantments,
unstealthy
A: claws 1, dopey 1, shaggy fur 1
a: Scrying, Renounce Religion


You were in an ice cave.
You worshipped Ashenzari.
Ashenzari was aware of your devotion.
You were very hungry.

You visited 3 branches of the dungeon, and saw 13 of its levels.
You also visited: Ice Cave.

You collected 573 gold pieces.
You spent 468 gold pieces at shops.

Inventory:

Hand Weapons
 a - a +3 falchion (weapon)
 b - a +2 shortbow of evasion
   (You took it off a centaur on level 9 of the Dungeon)
 h - a +1 flail of protection
   (You took it off an orc on level 9 of the Dungeon)
 j - a +0 dagger of venom
   (You took it off an orc wizard on level 9 of the Dungeon)
 w - a +0 whip of venom
   (You took it off an orc priest on level 9 of the Dungeon)
 z - a +2 dagger of freezing
   (You took it off an orc wizard on level 10 of the Dungeon)
 B - a +4 demon whip of venom
   (You found it on level 9 of the Dungeon)
 H - a +1 trident of venom
   (You took it off an orc on level 1 of the Orcish Mines)
Armour
 d - a +2 cloak of cold resistance (worn)
   (You found it in an ice cave)
 y - a +0 leather armour (worn)
   (You took it off Ijyb on level 3 of the Dungeon)
 G - a +0 helmet (worn)
   (You found it on level 9 of the Dungeon)
Jewellery
 o - a +5 ring of intelligence (right claw)
   (You found it on level 4 of the Dungeon)
 r - an uncursed ring of protection from fire {rF+, !d}
   (You found it on level 2 of the Dungeon)
 E - a ring of protection from cold (left claw) {rC+, !d}
   (You found it on level 7 of the Dungeon)
 F - an uncursed ring of invisibility {+Inv, !d}
   (You found it on level 9 of the Dungeon)
 I - a +4 ring of evasion
   (You bought it in a shop on level 4 of the Dungeon)
Wands
 n - a wand of confusion (22)
   (You found it on level 10 of the Dungeon)
 q - a wand of cold (3)
   (You found it on level 3 of the Dungeon)
 x - a wand of disintegration (0)
   (You took it off Ijyb on level 3 of the Dungeon)
 C - a wand of digging (0)
   (You took it off Natasha on level 3 of the Dungeon)
 D - a wand of paralysis (9)
   (You found it on level 9 of the Dungeon)
Scrolls
 c - a scroll of identify
 g - a scroll of fear
 i - 3 scrolls of magic mapping {!r}
Potions
 f - 2 potions of heal wounds
 l - 2 potions of resistance
 m - a potion of berserk rage {!q}
 s - 2 potions of ambrosia {!q}
 v - a potion of curing
 A - a potion of agility
Books
 k - a book of Power
   (You found it on level 2 of the Dungeon)
Miscellaneous
 u - a plain deck of changes {drawn: 1}
   (You found it on level 8 of the Dungeon)
Comestibles
 p - 4 meat rations {@e2}
 t - 5 slices of pizza


   Skills:
 - Level 6.7 Fighting
 - Level 10.0 Long Blades
 - Level 1.6 Maces & Flails
 - Level 1.3 Bows
 - Level 2.0 Throwing
 - Level 1.0 Armour
 - Level 9.4 Dodging
 - Level 1.1 Stealth
 + Level 8.9 Spellcasting
 + Level 9.2 Conjurations


You had 19 spell levels left.
You knew the following spells:

 Your Spells              Type           Power        Failure   Level  Hunger
a - Fulminant Prism       Conj/Hex       ####......   17%         4    ###....
x - Iskenderun's Mystic   Conj           #####...     2%          4    ###....


Dungeon Overview and Level Annotations

Branches:
Dungeon (11/15)            Temple (1/1) D:7             Orc (1/4) D:9
   Lair: D:8-11

Altars:
Ashenzari
Cheibriados
Dithmenos
Elyvilon
Fedhas
Gozag
Kikubaaqudgha
Makhleb
Nemelex Xobeh
Okawaru
Qazlal
Ru
Sif Muna
Trog
Vehumet
Xom
Yredelemnul
Zin
The Shining One

Shops:
D:4 =   D:6 [

Annotations:
D:6 exclusion: downstairs, Dowan, Eustachio
D:8 Erolcha
D:10 exclusions: iguana and 2 more exclusions IceCv exclusion: ice statue


Innate Abilities, Weirdness & Mutations

You have sharp fingernails.
You are dopey. (Int -2)
You are covered in fur (AC +1).


Message History

Wear which item? (? for menu, Esc to quit)
Okay, then.
Drop what? 35/52 slots (_ for help) (? for menu, Esc to quit)
You drop an uncursed cloak of cold resistance.
An ice devil and 3 blue devils come into view.
Aim: an ice devil The orb of energy misses the ice devil.
The orb of energy hits the blue devil.
You are near starving!
You now have 20/24 mp.
Aim: an ice devil The orb of energy hits the ice devil.
The orb of energy explodes!
The mystic blast hits the blue devil.
The blue devil swoops through the air toward you!
The blue devil hits you.
You take 2 damage, and have 72/74 hp.
You now have 16/24 mp.
Aim: an ice devil (lightly wounded)
The orb of energy hits the ice devil.
The orb of energy explodes!
The blue devil misses you.
You now have 12/24 mp.
Unknown command.
Drink which item? (? for menu, Esc to quit)
Really quaff
m - 2 potions of berserk rage {!q}?
Drink which item? (? for menu, Esc to quit)
You can't drink that!
Unknown command.
Drink which item? (? for menu, Esc to quit)
Okay, then.
Eat which item? (? for menu, Esc to quit)
Mmm...
That's the fabled Pandemonium Pizza!
Unknown command.
Drink which item? (? for menu, Esc to quit)
Really quaff
m - 2 potions of berserk rage {!q}?
A red film seems to cover your vision as you go berserk!
You feel yourself moving faster!
You feel mighty! The ice devil hits you. The ice devil freezes you! You resist.
You now have 99/111 hp.
Unknown command.
You closely miss the ice devil.
The ice devil hits you but does no damage.
You closely miss the ice devil. You slash the ice devil!
The ice devil hits you! The ice devil freezes you! You resist.
You hit the ice devil.
You take 19 damage, and have 80/111 hp.
You hit the ice devil. The ice devil misses you.
You closely miss the ice devil.
The blue devil swoops through the air toward you!
The blue devil completely misses you.
You hit the ice devil but do no damage. The ice devil hits you!
The ice devil freezes you. You resist.
The blue devil hits you but does no damage.
The blue devil swoops through the air toward you!
The blue devil hits you but does no damage.
You take 11 damage, and have 70/111 hp.
You hit the ice devil. The ice devil misses you.
Unknown command.
You barely miss the ice devil. The blue devil barely misses you.
The blue devil misses you.
You barely miss the ice devil. The ice devil barely misses you.
You hit the ice devil. The blue devil hits you! The blue devil hits you!
You take 25 damage, and have 45/111 hp.
MASSIVE DAMAGE!!
You hit the ice devil. The ice devil misses you.
You hit the ice devil. The blue devil closely misses you.
The blue devil hits you but does no damage.
You hit the blue devil but do no damage.
The ice devil hits you but does no damage.
You slash the blue devil! The blue devil misses you. The blue devil hits you.
You take 5 damage, and have 41/111 hp.
You hit the blue devil.
You kill the blue devil!
The ice devil barely misses you.
You hit the ice devil.
The blue devil hits you but does no damage.
You closely miss the ice devil. The ice devil hits you.
The ice devil freezes you! You resist.
* * * LOW HITPOINT WARNING * * *
You take 13 damage, and have 28/111 hp.
You barely miss the ice devil. The blue devil completely misses you.
You closely miss the ice devil. The ice devil closely misses you.
The blue devil hits you.
* * * LOW HITPOINT WARNING * * *
Unknown command.
You take 5 damage, and have 23/111 hp.
You slice the ice devil!! You barely miss the ice devil.
The ice devil misses you.
The blue devil swoops through the air toward you!
The blue devil misses you. x2
You closely miss the ice devil. The ice devil hits you!
* * * LOW HITPOINT WARNING * * *
The ice devil freezes you. You resist.
* * * LOW HITPOINT WARNING * * *
You take 15 damage, and have 8/111 hp.
Unknown command.
You hit the ice devil.
You are no longer berserk.
You are exhausted.
You feel yourself slow down.
You are feeling very hungry.
The blue devil hits you.
You die...

###### ###....###
###........##
##4...###....##
###@4.###.###...#
##.3####....##...#
#...##.....##..######
#..###............#.#
##...##[..##.........
##...###########....
##..4### ####.
###4..# ##
##ยงยงยงยง...#


You could see an ice devil and 2 blue devils.

Vanquished Creatures
  A centaur warrior (D:9)
  An unseen horror (D:10)
  A hill giant (D:10)
  An ice statue (IceCv)
  A blue devil (IceCv)
  2 trolls (D:10)
  Grinder (D:6)
  2 two-headed ogres
  Sigmund (D:2)
  A yak (D:7)
  2 hungry ghosts
  A human (D:7)
  2 wolves (D:10)
  A vampire mosquito (D:9)
  An ice beast (D:8)
  3 orc warriors
  4 sky beasts
  A phantom (D:8)
  A black bear (D:10)
  2 necrophages (D:9)
  9 ogres
  5 centaurs
  7 giant frogs
  Blork the orc (D:6)
  2 big kobolds
  A wyvern zombie (D:9)
  5 scorpions
  3 wights (D:9)
  6 killer bees
  2 electric eels (D:10)
  2 giant frog zombies
  4 crimson imps
  10 hounds
  6 jellies
  2 quasits
  Ijyb (D:3)
  9 orc priests
  3 giant frog skeletons
  Terence (D:2)
  4 iguanas
  Natasha (thrice) (D:3)
  16 orc wizards
  A killer bee zombie (D:6)
  3 sheep (D:7)
  8 worker ants
  A hound skeleton (D:9)
  A worker ant zombie (D:9)
  8 adders
  5 river rats (D:6)
  3 shadow imps (D:9)
  3 white imps (IceCv)
  7 ufetubi (IceCv)
  2 oozes
  2 adder zombies
  An adder skeleton (D:2)
  2 worms (D:2)
  6 giant geckos
  53 orcs
  A ball python (D:2)
  11 bats
  3 giant cockroaches
  7 hobgoblins
  16 jackals
  13 kobolds
  4 quokkas
  6 giant newts
  9 goblins
  A jackal skeleton (D:5)
  24 rats
333 creatures vanquished.

Vanquished Creatures (others)
  A white imp (IceCv)
  3 ufetubi (IceCv)
  2 kobolds (D:10)
  13 fulminant prisms
  A plant (D:7)
20 creatures vanquished.

Grand Total: 353 creatures vanquished

Notes
Turn   | Place    | Note
--------------------------------------------------------------
     0 | D:1      | MackTheKnife the High Elf Wanderer began the quest for the Orb.
     0 | D:1      | MackTheKnife set off with: a +2 falchion, a +0 short sword, a scroll of teleportation, a +0 robe, a bread ration {@e1}
     0 | D:1      | Reached XP level 1. HP: 14/14 MP: 2/2
    79 | D:1      | Reached skill level 2 in Long Blades
   351 | D:1      | Reached XP level 2. HP: 19/19 MP: 3/3
   542 | D:2      | Noticed Sigmund
   579 | D:1      | Reached skill level 3 in Long Blades
   589 | D:2      | Found a sacrificial altar of Ru.
   648 | D:2      | Reached XP level 3. HP: 18/24 MP: 4/4
   991 | D:2      | Reached skill level 4 in Long Blades
  1196 | D:2      | Noticed Terence
  1388 | D:1      | HP: 6/24 [poisoned by an adder]
  1396 | D:1      | HP: 4/24 [poisoned by an adder]
  1707 | D:2      | Killed Sigmund
  1707 | D:2      | Reached skill level 6 in Long Blades
  1707 | D:2      | Reached XP level 4. HP: 22/29 MP: 5/5
  1707 | D:2      | Reached XP level 5. HP: 25/34 MP: 6/6
  1731 | D:2      | HP: 8/34 [poisoned by an adder]
  1739 | D:2      | HP: 7/34 [poisoned by an adder]
  1747 | D:2      | HP: 6/34 [poisoned by an adder]
  1960 | D:2      | Killed Terence
  1960 | D:2      | Reached skill level 7 in Long Blades
  2328 | D:3      | Reached XP level 6. HP: 35/39 MP: 7/7
  2438 | D:3      | Noticed Ijyb
  2448 | D:3      | HP: 7/39 [disintegration (21)]
  2449 | D:3      | Killed Ijyb
  2881 | D:3      | Noticed Natasha
  2882 | D:3      | Killed Natasha
  3107 | D:3      | Noticed Natasha
  3112 | D:3      | Killed Natasha
  3230 | D:3      | Noticed Natasha
  3234 | D:3      | Killed Natasha
  3331 | D:4      | Reached skill level 8 in Long Blades
  3558 | D:4      | Reached skill level 9 in Long Blades
  3558 | D:4      | Reached XP level 7. HP: 17/45 MP: 8/8
  3968 | D:4      | Found Hymeuwi's Jewellery Emporium.
  4631 | D:5      | Entered Level 5 of the Dungeon
  4667 | D:5      | Reached skill level 3 in Dodging
  4686 | D:5      | Reached skill level 3 in Fighting
  4869 | D:5      | Reached skill level 4 in Dodging
  4873 | D:5      | Reached XP level 8. HP: 45/54 MP: 9/9
  5019 | D:5      | Reached skill level 4 in Fighting
  5392 | D:5      | Reached skill level 5 in Dodging
  5829 | D:5      | Reached skill level 5 in Fighting
  5970 | D:6      | Learned a level 4 spell: Iskenderun's Mystic Blast
  5994 | D:6      | Noticed Dowan
  6045 | D:6      | Reached skill level 1 in Spellcasting
  6045 | D:6      | Reached skill level 1 in Conjurations
  6054 | D:6      | Noticed Blork the orc
  6054 | D:6      | Noticed Eustachio
  6140 | D:6      | Reached skill level 2 in Conjurations
  6319 | D:6      | Reached skill level 2 in Spellcasting
  6329 | D:6      | Found Vumyts's Armour Shop.
  6383 | D:6      | Reached skill level 3 in Conjurations
  6696 | D:6      | Reached skill level 3 in Spellcasting
  6903 | D:7      | Found a staircase to the Ecumenical Temple.
  6939 | Temple   | Entered the Ecumenical Temple
  7137 | Temple   | Became a worshipper of Ashenzari the Shackled
  7258 | D:7      | Identified a scroll of acquirement
  7574 | D:7      | Reached skill level 4 in Conjurations
  7596 | D:7      | Noticed a two-headed ogre
  7852 | D:7      | Reached XP level 9. HP: 51/61 MP: 6/15
  7912 | D:7      | Reached skill level 4 in Spellcasting
  8307 | D:7      | Killed a two-headed ogre
  8307 | D:7      | Reached skill level 5 in Spellcasting
  8307 | D:7      | Reached skill level 5 in Conjurations
  8828 | D:6      | Noticed Grinder
  8832 | D:6      | Killed Grinder
  8832 | D:6      | Reached skill level 6 in Spellcasting
  8832 | D:6      | Reached skill level 6 in Conjurations
  9040 | D:6      | Killed Blork the orc
  9494 | D:8      | Reached skill level 7 in Conjurations
  9583 | D:8      | Reached skill level 7 in Spellcasting
  9933 | D:8      | Noticed Erolcha
 10541 | D:8      | Found a shadowy altar of Dithmenos.
 10543 | D:8      | Found an iron altar of Okawaru.
 10570 | D:8      | Found a burning altar of Makhleb.
 10710 | D:8      | Reached XP level 10. HP: 48/66 MP: 22/22
 10801 | D:8      | Paralysed by Erolcha for 5 turns
 10977 | D:8      | Found a shimmering altar of Xom.
 10978 | D:8      | Found a deep blue altar of Sif Muna.
 11047 | D:8      | Reached skill level 8 in Conjurations
 11077 | D:8      | Learned a level 4 spell: Fulminant Prism
 11132 | D:9      | Found a stormy altar of Qazlal.
 11402 | D:9      | Reached skill level 1 in Maces & Flails
 12255 | D:9      | Noticed a centaur warrior
 12261 | D:9      | HP: 1/68 [centaur warrior/war axe (21)]
 12265 | D:9      | Reached * piety under Ashenzari
 12735 | D:9      | Reached skill level 6 in Fighting
 12772 | D:9      | HP: 15/68 [hound (5)]
 13211 | D:9      | Found a staircase to the Orcish Mines.
 13237 | Orc:1    | Entered Level 1 of the Orcish Mines
 14046 | D:9      | Reached skill level 10 in Long Blades
 14229 | D:4      | Bought a +4 ring of evasion for 468 gold pieces
 14496 | D:9      | Gained mutation: You are covered in fur (AC +1). [potion of mutation]
 14496 | D:9      | Gained mutation: You are dopey. (Int -2) [potion of mutation]
 14496 | D:9      | Gained mutation: You have sharp fingernails. [potion of mutation]
 14499 | D:9      | HP: 17/69 [centaur warrior/uncursed war axe (11)]
 14505 | D:9      | Killed a centaur warrior
 14505 | D:9      | Reached skill level 7 in Dodging
 14507 | D:9      | HP: 16/69 [hound (3)]
 14509 | D:9      | HP: 1/69 [acid (11)]
 15242 | D:9      | Reached skill level 8 in Dodging
 15505 | D:10     | Entered Level 10 of the Dungeon
 15969 | D:10     | Reached skill level 9 in Dodging
 16355 | D:10     | Reached XP level 11. HP: 66/74 MP: 10/23
 16684 | D:10     | HP: 17/74 [something (7)]
 16689 | D:10     | Killed an unseen horror
 16689 | D:10     | Reached skill level 8 in Spellcasting
 16694 | D:10     | HP: 10/74 [giant frog skeleton (1)]
 17385 | D:10     | Noticed a hill giant
 17400 | D:10     | Killed a hill giant
 17606 | D:11     | Found a frozen archway.
 17607 | D:11     | Noticed a skeletal warrior
 17609 | D:11     | Noticed a skeletal warrior
 17610 | D:11     | Noticed a skeletal warrior
 17614 | IceCv    | Entered an ice cave
 17651 | IceCv    | Reached skill level 9 in Conjurations
 18121 | IceCv    | Noticed an ice devil
 18154 | IceCv    | HP: 23/111 [blue devil (5)]
 18157 | IceCv    | HP: 8/111 [ice devil (6)]
 18158 | IceCv    | Slain by a blue devil

Action                   |  1- 3 |  4- 6 |  7- 9 | 10-12 || total
-------------------------+-------+-------+-------+-------++-------
Melee: Falchion          |   128 |    79 |   293 |   240 ||   740
       Rapier            |       |       |   193 |       ||   193
       Demon whip        |       |       |       |     3 ||     3
Throw: Tomahawk          |       |       |    19 |       ||    19
 Cast: Iskenderun's Myst |       |       |    59 |   158 ||   217
       Fulminant Prism   |       |       |       |    13 ||    13
Evoke: Wand              |     2 |    17 |     5 |     2 ||    26
       Deck              |       |       |     1 |       ||     1
  Use: Scroll            |     1 |     6 |    14 |     9 ||    30
       Potion            |       |       |     2 |    11 ||    13
 Stab: Sleeping          |     5 |     1 |     1 |     1 ||     8
       Distracted        |       |       |     1 |       ||     1
  Eat: Chunk             |     3 |     5 |    23 |    11 ||    42
       Meat ration       |       |       |     1 |       ||     1
       Pizza             |       |       |     1 |     3 ||     4
       Beef jerky        |       |       |     1 |     1 ||     2
       Bread ration      |       |       |       |     5 ||     5

Vault maps used:
D:1:      tarquinn_simple_flora_water_a
D:2:      lemuel_crystal_altar, minivault_11, lemuel_blue_sif_altar,
          uniq_sigmund, uniq_terence
D:3:      minmay_crystal_water, uniq_iyjb, uniq_natasha
D:4:      serial_shops, nicolae_shop_crystal
D:5:      first_bread
D:6:      serial_shops, shop_statue, minmay_misc_feat_x, dk_rats_in_the_wall,
          uniq_blork_the_orc, uniq_eustachio, uniq_duvessa, uniq_grinder
D:7:      minmay_temple_entry_overgrown, serial_glass, glass_columns_a,
          glass_columns_b, grunt_livestock, kennysheep_small_square
D:8:      lemuel_coloured_pillars_altar, gammafunk_temple_overflow_pools,
          nicolae_overflow_hidden_temple, amalloy_card_club, uniq_erolcha
D:9:      minmay_imperfect_grid, grunt_qazlal_sundering
D:10:     erik_lair_island
D:11:     portal_ice_cave_entry_pillars_01, minmay_dual_archer_statues
Temple:   eino_temple_water_12
IceCv:    ice_cave_small_demon

Table legend:
 A = Turns spent in this place as a percentage of turns spent in the entire game.
 B = Non-inter-level travel turns spent in this place as a percentage of non-inter-level travel turns spent in the entire game.
 C = Inter-level travel turns spent in this place as a percentage of turns spent in this place.
 D = Turns resting spent in this place as a percentage of non-inter-level travel turns spent in this place.
 E = Turns spent auto-exploring this place as a percentage of non-inter-level travel turns spent in this place.
 F = Non-inter-level travel turns spent in this place divided by the number of levels of this place that you've seen.
                   A       B       C       D       E      F
               +-------+-------+-------+-------+-------+----------------------
         Total | 100.0 | 100.0 |   0.5 |   6.0 |   5.3 | 336.8
       Dungeon |  90.4 |  90.4 |   0.5 |   6.1 |   5.5 | 387.5
        Temple |   1.8 |   1.8 |   0.0 |   7.2 |   0.0 |  83.0
  Orcish Mines |   2.7 |   2.7 |   1.6 |   6.3 |  14.3 | 126.0
      Ice Cave |   5.2 |   5.2 |   0.0 |   3.7 |   0.0 | 244.0
               +-------+-------+-------+-------+-------+----------------------

Table legend:
 A = Kills in this place as a percentage of kills in entire the game.
 B = Kills by you in this place as a percentage of kills by you in the entire game.
 C = Kills by friends in this place as a percentage of kills by friends in the entire game.
 D = Other kills in this place as a percentage of other kills in the entire game.
 E = Experience gained in this place as a percentage of experience gained in the entire game.
 F = Experience gained in this place divided by the number of levels of this place that you have seen.
                   A       B       C       D       E      F
               +-------+-------+-------+-------+-------+----------------------
         Total | 100.0 | 100.0 |  -nan |  -nan | 100.0 | 1048.8
       Dungeon |  89.2 |  89.2 |  -nan |  -nan |  90.8 | 1212.6
  Orcish Mines |   7.2 |   7.2 |  -nan |  -nan |   3.5 | 507.0
      Ice Cave |   3.6 |   3.6 |  -nan |  -nan |   5.7 | 837.0
               +-------+-------+-------+-------+-------+----------------------
